 Dungeon Crawl Stone Soup version 0.29.1-13-g9f3cf754e1 (webtiles) character file.

Game seed: 2875772677366455984

287 xian the Cutter (level 6, -3/48 HPs)
             Began as a Demonspawn Berserker on Jan 29, 2023.
             Was a Believer of Trog.
             Killed from afar by Blork the orc (7 damage)
             ... with a puff of flame
             ... on level 4 of the Dungeon.
             The game lasted 00:05:33 (2872 turns).

xian the Cutter (Demonspawn Berserker)              Turns: 2872, Time: 00:05:34

Health: -3/48      AC:  8    Str: 19    XL:     6   Next: 8%
Magic:  6/6        EV: 11    Int:  8    God:    Trog [**....]
Gold:   33         SH:  0    Dex: 13    Spells: 5/5 levels left

rFire   . . .      SeeInvis .   r - +6 dagger
rCold   . . .      Faith    .   (no shield)
rNeg    . . .      Spirit   .   m - +0 ring mail
rPois   +          Reflect  .   f - +0 helmet
rElec   .          Harm     .   (no cloak)
rCorr   .          Rampage  .   (no gloves)
Will    .....                   (no boots)
Stlth   +.........              (no amulet)
HPRegen 0.16/turn               g - ring of poison resistance
MPRegen 0.10/turn               (no ring)

@: on berserk cooldown, slowed, very slow
A: hooves 1, icy blue scales 1, demonic guardian 1
a: Renounce Religion, Berserk, Trog's Hand


You were on level 4 of the Dungeon.
You worshipped Trog.
Trog was pleased with you.
You visited 1 branch of the dungeon, and saw 4 of its levels.

You collected 69 gold pieces.
You spent 36 gold pieces at shops.

Inventory:

Hand Weapons
 r - a +6 dagger (weapon)
Missiles
 h - 8 stones (quivered)
Armour
 f - a +0 helmet (worn)
 m - a +0 ring mail (worn)
Jewellery
 e - a ring of wizardry
 g - a ring of poison resistance (left hand)
 j - an amulet of faith
Wands
 q - a wand of mindburst (8)
Scrolls
 a - a scroll of poison {unknown}
 d - a scroll of blinking {unknown}
 i - a scroll of fear {unknown}
 k - 2 scrolls of amnesia {unknown}
 n - 2 scrolls of immolation
 p - 2 scrolls of identify
 s - 2 scrolls of teleportation {unknown}
 t - a scroll of vulnerability {unknown}
Potions
 b - 2 potions of ambrosia {unknown}
 c - a potion of mutation {unknown}
 l - a potion of magic {unknown}
 o - a potion of curing {unknown}


   Skills:
 + Level 4.1 Fighting
 + Level 4.2 Short Blades
 + Level 0.8 Throwing
 + Level 2.5 Armour
 + Level 3.1 Dodging
 + Level 1.0 Stealth


You had 5 spell levels left.
You didn't know any spells.
Your spell library contained the following spells:

 Spells                   Type           Power      Damage    Failure   Level
 Stone Arrow              Conj/Erth      0%         3d7       91%         3
 Animate Armour           Summ/Erth      0%         N/A       100%        4
 Corpse Rot               Necr/Pois/Air  0%         N/A       100%        4
 Dispel Undead            Necr           0%         3d6       100%        4
 Death Channel            Necr           0%         N/A       100%        6
 Lehudib's Crystal Spear  Conj/Erth      0%         10d2      100%        8


Dungeon Overview and Level Annotations

Branches:
Dungeon (4/15)
 Temple: D:4-7

Altars:

Shops:
D:3 ?

Annotations:
D:4 Blork the orc


Innate Abilities, Weirdness & Mutations

You have large cloven feet.
You are partially covered in icy blue scales. (AC +2)
A weak demonic guardian rushes to your aid.


Message History

You puncture the water moccasin!
You kill the water moccasin!
Trog accepts your kill.
Your quasit bites the jackal.
Your quasit misses the jackal.
Your quasit claws the jackal.
Your Fighting skill increases to level 4!
Your Short Blades skill increases to level 4!
Your Dodging skill increases to level 3!
Your Stealth skill increases to level 1!
You have reached level 6!
Your demonic ancestry asserts itself...
Your feet thicken and deform.
You closely miss the jackal.
The jackal is heavily wounded.
The jackal bites you.
Unknown command.
You miss the jackal. Your kick misses the jackal.
The jackal is heavily wounded.
You are no longer berserk.
You are exhausted.
You feel yourself slow down.
Your quasit bites the jackal.
Your quasit claws the jackal but does no damage. x2
Blork the orc zaps a wand.
The puff of flame hits you. The jackal barely misses your quasit.
Unknown command.
Your quasit bites the jackal.
Your quasit claws the jackal.
The jackal dies!
Trog accepts your kill.
Blork the orc zaps a wand.
The puff of flame hits you!
Blork the orc zaps a wand.
The puff of flame hits you.
* * * LOW HITPOINT WARNING * * *
Blork the orc hits your quasit with a +0 dire flail!
Your quasit dies!
Your quasit disappears in a puff of smoke!
Blork the orc begins to cast a cantrip, but forgets the words!
Blork the orc casts a spell at you. The puff of flame hits you.
* * * LOW HITPOINT WARNING * * *
Blork the orc zaps a wand.
The puff of flame hits you!
You die...

..#.....†##
.......††#
.........#### ...
...#........##
...# .#
##........##...#
#..o......#..###
#.........#.....
#................
#........@...####
#..............###
#.................
............##...
#..........# #.#
......<...# ..
..........###.. ..
..?........##.# ..
.......)......# .#


You could see Blork the orc.

Vanquished Creatures
  A water moccasin (D:4)
  A hound (D:4)
  Ijyb (D:3)
  An orc wizard (D:3)
  Robin (D:2)
  3 adders
  A gnoll (D:1)
  2 dart slugs (D:1)
  2 orcs (D:3)
  4 ball pythons
  3 endoplasms
  A giant cockroach (D:1)
  11 goblins
  4 hobgoblins
  2 jackals (D:4)
  2 kobolds (D:2)
  2 quokkas
  5 bats
  4 rats
51 creatures vanquished.

Vanquished Creatures (collateral kills)
  A jackal (D:4)
  A quokka (D:1)
2 creatures vanquished.

Grand Total: 53 creatures vanquished

Notes
Turn   | Place    | Note
-------+----------+-------------------------------------------
     0 | D:1      | xian the Demonspawn Berserker began the quest for the Orb.
     0 | D:1      | Reached XP level 1. HP: 18/18 MP: 1/1
   169 | D:1      | Found a faded altar of an unknown god.
   182 | D:1      | Gained mutation: A weak demonic guardian rushes to your
                  | aid. [demonic ancestry]
   182 | D:1      | Reached XP level 2. HP: 23/24 MP: 2/2
  1003 | D:1      | Gained mutation: You are partially covered in icy blue
                  | scales. (AC +2) [demonic ancestry]
  1003 | D:1      | Reached XP level 3. HP: 27/29 MP: 3/3
  1636 | D:2      | Noticed Robin
  1646 | D:2      | Killed Robin
  1646 | D:2      | Reached ** piety under Trog
  1657 | D:2      | Reached XP level 4. HP: 36/36 MP: 4/4
  2196 | D:3      | Found Hoged's Magic Scroll Shoppe.
  2211 | D:3      | Bought a scroll of noise for 12 gold pieces
  2211 | D:3      | Bought a scroll of identify for 24 gold pieces
  2572 | D:3      | Noticed Ijyb
  2581 | D:3      | Killed Ijyb
  2582 | D:3      | Reached XP level 5. HP: 42/42 MP: 5/5
  2851 | D:4      | Noticed a water moccasin
  2854 | D:4      | Noticed Blork the orc
  2864 | D:4      | Killed a water moccasin
  2865 | D:4      | Reached skill level 1 in Stealth
  2865 | D:4      | Gained mutation: You have large cloven feet. [demonic
                  | ancestry]
  2865 | D:4      | Reached XP level 6. HP: 48/48 MP: 6/6
  2872 | D:4      | Killed from afar by Blork the orc

Illustrated notes

Levels and vault maps discovered:
D:1:      ncdulo_smallfort, layout_basic,
          shapermc_ecumenical_altar_totnotflames, grunt_decor_fettered,
          st_stairs_6
D:2:      layout_basic, chequers_serial_rivers_small_3, uniq_robin
D:3:      layout_loops_cross, serial_shops, nicolae_diamond_shop, uniq_ijyb
D:4:      layout_layer_cave, serial_shops, shop, shop_coins, uniq_blork_the_orc

Skill      XL: |  1  2  3  4  5 |
---------------+----------------+-----
Short Blades   | 3 4 |  4.2
Dodging        | 2 3 |  3.1
Armour         | 2 |  2.5
Fighting       | 4 |  4.1
Stealth        | 1 |  1.0
Throwing       | |  0.8

Action                   |  1- 3 |  4- 6 || total
-------------------------+-------+-------++-------
Melee: Short sword       |   105 |    60 ||   165
       Punch             |     1 |       ||     1
       Dagger            |       |    23 ||    23
Throw: Stone             |     7 |     8 ||    15
Invok: Berserk           |     4 |     3 ||     7
       Trog's Hand       |       |     1 ||     1
  Use: Scroll            |       |     1 ||     1
 Stab: Sleeping          |     1 |       ||     1
Armor: Animal skin       |    34 |     7 ||    41
       Ring mail         |       |    31 ||    31
Dodge: Dodged            |    91 |    40 ||   131
